 Dungeon Crawl Stone Soup version 0.25-a0-68-ge58f8a54b6 (webtiles) character file.

Game seed: 2303764338591699709, levelgen mode: deterministic

81 Furryfag69 the Cudgeler (level 4, -9/39 HPs)
             Began as a Minotaur Berserker on Nov 2, 2019.
             Was a Believer of Trog.
             Mangled by Sigmund
             ... wielding a +0 scythe
              (12 damage)
             ... on level 3 of the Dungeon.
             The game lasted 00:11:00 (2323 turns).

Furryfag69 the Cudgeler (Minotaur Berserker)        Turns: 2323, Time: 00:11:01

Health: -9/39      AC:  2    Str: 21    XL:     4   Next: 20%
Magic:  3/3        EV: 12    Int:  4    God:    Trog [**....]
Gold:   112        SH:  0    Dex: 13    Spells: 3/3 levels left

rFire    + . .     SeeInvis .   a - +0 mace
rCold    . . .     Gourm    .   (no shield)
rNeg     . . .     Faith    .   b - +0 animal skin
rPois    .         Spirit   .   (helmet restricted)
rElec    .         Reflect  .   (no cloak)
rCorr    .         Harm     .   (no gloves)
MR       .....                  (no boots)
Stlth    +.........             (no amulet)
HPRegen  0.13/turn              g - ring of protection from fire
MPRegen  0.08/turn              l - +2 ring of dexterity

@: berserk cooldown, slowed, very slow
A: retaliatory headbutt, horns 2
a: Berserk, Trog's Hand, Renounce Religion


You were on level 3 of the Dungeon.
You worshipped Trog.
Trog was pleased with you.
You were not hungry.

You visited 1 branch of the dungeon, and saw 3 of its levels.

You collected 112 gold pieces.

Inventory:

Hand Weapons
 a - a +0 mace (weapon)
Armour
 b - a +0 animal skin (worn)
Jewellery
 g - a ring of protection from fire (left hand)
 l - a +2 ring of dexterity (right hand)
Scrolls
 e - a scroll of fog {unknown}
 f - a scroll of identify {unknown}
 k - a scroll of noise {unknown}
 n - 2 scrolls of remove curse {unknown}
 p - 3 scrolls of magic mapping {unknown}
Potions
 d - a potion of resistance {unknown}
 h - a potion of haste {unknown}
 i - a potion of ambrosia {unknown}
 j - a potion of degeneration {unknown}
 m - 2 potions of curing {unknown}
 o - a potion of cancellation {unknown}
Comestibles
 c - 6 rations


   Skills:
 - Level 3.6 Fighting
 * Level 6.0 Maces & Flails
 - Level 2.4 Armour
 - Level 2.1 Dodging
 + Level 0.4 Stealth


You had 3 spell levels left.
You didn't know any spells.
Your spell library was empty.

Dungeon Overview and Level Annotations

Branches:
Dungeon (3/15)

Altars:
Ashenzari
Uskayaw

Annotations:
D:3 Sigmund


Innate Abilities, Weirdness & Mutations

You reflexively headbutt those who attack you in melee.
You have a pair of horns on your head.


Message History

* * * LOW HITPOINT WARNING * * *
Sigmund closely misses you. The dart slug launches a dart at you.
The slug dart hits you!
* * * LOW HITPOINT WARNING * * *
Sigmund hits you from afar with a +0 scythe.
* * * LOW HITPOINT WARNING * * *
The dart slug launches a dart at you. The slug dart misses you.
Sigmund gestures at you while chanting.
You are confused.
You're too confused!
Sigmund gestures at you while chanting. You resist with some effort.
Sigmund closely misses you.
You're too confused!
You bump into the rock wall.
You bump into the rock wall.
You feel less confused.
Sigmund hits you from afar with a +0 scythe!
You die...

.... ..# #.# ###.###
#.....#
#.####.###.## #.#
#.? ...# #..# #.#
#.####.###w.# #.#
..#.....@.@.# #.#
#.#.#######.# #.##
#.#.# ##.##.# #..#
#.#.###...#.###..# #
#.#.#............#
#.#.#.#.#...#.###..#
#.#........##)# #..#
#>..........#.# #..#
###........().###..#


You could see Sigmund and a dart slug.

Vanquished Creatures
  A worker ant zombie (D:2)
  3 adders
  3 dart slugs (D:2)
  2 leopard geckos
  An orc (D:3)
  4 goblins
  6 hobgoblins
  2 quokkas
  2 bats (D:2)
  2 frilled lizards
  4 kobolds
  7 rats
37 creatures vanquished.

Notes
Turn   | Place    | Note
-------+----------+-------------------------------------------
     0 | D:1      | Furryfag69 the Minotaur Berserker began the quest for the
                  | Orb.
     0 | D:1      | Reached XP level 1. HP: 19/19 MP: 0/0
   913 | D:1      | Reached skill level 4 in Maces & Flails
  1453 | D:1      | Reached XP level 2. HP: 26/26 MP: 1/1
  1581 | D:2      | Reached skill level 5 in Maces & Flails
  1581 | D:2      | Reached XP level 3. HP: 22/31 MP: 2/2
  1643 | D:2      | Found a shattered altar of Ashenzari.
  1675 | D:2      | Found a hide-covered altar of Uskayaw.
  2267 | D:3      | Reached XP level 4. HP: 30/39 MP: 3/3
  2269 | D:3      | Reached ** piety under Trog
  2273 | D:3      | Reached skill level 6 in Maces & Flails
  2301 | D:3      | Noticed Sigmund
  2323 | D:3      | Mangled by Sigmund

Levels and vault maps discovered:
D:1:      dpeg_arrival_leaves_temple_mockup, layout_basic, dk_noncrumbling_3,
          moated_statue
D:2:      layout_basic, eat_drink_and_be_merry_uskayaw,
          minmay_misc_feat_secret_circle, ashenzari_altar_1
D:3:      layout_loops_ring, uniq_sigmund, uniq_jessica, uniq_terence

Skill      XL: |  1  2  3  4 |
---------------+-------------+-----
Maces & Flails | 4 5 6 |  6.0
Fighting       | |  3.6
Armour         | |  2.4
Dodging        | |  2.1
Stealth        | |  0.4

Action                   |  1- 3 |  4- 6 || total
-------------------------+-------+-------++-------
Melee: Mace              |    55 |     7 ||    62
       Headbutt          |     9 |     2 ||    11
Invok: Berserk           |     1 |     1 ||     2
  Use: Scroll            |     1 |       ||     1
       Potion            |     1 |       ||     1
 Stab: Sleeping          |     1 |       ||     1
  Eat: Chunk             |     4 |       ||     4
       Ration            |     1 |       ||     1
Armor: Animal skin       |     8 |     1 ||     9
Dodge: Dodged            |    30 |    10 ||    40

Table legend:
 A = Non-vault XP
 B = Vault XP
 C = Vault XP percentage of total XP
 D = Non-vault monster count
 E = Vault monster count
 F = Vault count percentage of total count
                 A         B        C        D         E       F
            +---------+---------+-------+---------+---------+-------
      Total |     117 |       0 |   0.0 |      37 |       0 |   0.0
            +---------+---------+-------+---------+---------+-------
        D:1 |      12 |       0 |   0.0 |       7 |       0 |   0.0
        D:2 |      79 |       0 |   0.0 |      22 |       0 |   0.0
        D:3 |      26 |       0 |   0.0 |       8 |       0 |   0.0
            +---------+---------+-------+---------+---------+-------
